 Dungeon Crawl Stone Soup version 0.19.0-2-gae57169 (webtiles) character file.

408 AAAAA the Skirmisher (level 6, -1/46 HPs)
             Began as an Octopode Warper on Nov 5, 2016.
             Was an Initiate of Vehumet.
             Slain by a sky beast (5 damage)
             ... on level 4 of the Dungeon on Nov 6, 2016.
             The game lasted 00:22:51 (6095 turns).

AAAAA the Skirmisher (Octopode Warper)              Turns: 6095, Time: 00:22:51

Health: -1/46      AC:  1    Str: 11    XL:     6   Next: 88%
Magic:  9/9        EV: 13    Int: 17    God:    Vehumet [......]
Gold:   223        SH:  0    Dex: 11    Spells: 1 memorised, 7 levels left

rFire  . . .     SeeInvis .     a - +0 mace
rCold  + . .     Gourm    .     (no shield)
rNeg   . . .     Faith    .     (helmet restricted)
rPois  +         Spirit   .     (no amulet)
rElec  .         Reflect  .     m - ring of poison resistance
rCorr  .         Harm     .     r - ring of protection from cold
MR     .....                    (no ring)
Stlth  ++++......               (no ring)
                                (no ring)
                                (no ring)
                                (no ring)
                                (no ring)

@: no status effects
A: almost no armour, stealthy swim, amphibious, 8 rings, constrict 8, camouflage
1, gelatinous body 1
a: Renounce Religion


You were on level 4 of the Dungeon.
You worshipped Vehumet.
Vehumet was noncommittal.
You were not hungry.

You visited 1 branch of the dungeon, and saw 6 of its levels.

You collected 223 gold pieces.

Inventory:

Hand Weapons
 a - a +0 mace (weapon)
 x - a +0 quarterstaff
Missiles
 d - a tomahawk of dispersal
 e - 161 stones (quivered)
 j - 39 arrows
Jewellery
 m - a ring of poison resistance (left tentacle)
 r - a ring of protection from cold (right tentacle)
Scrolls
 c - 2 scrolls of blinking
 i - a scroll of fog {unknown}
 k - a scroll of recharging
 o - a scroll of enchant armour {unknown}
 q - a scroll of remove curse {unknown}
 w - a scroll of teleportation {unknown}
Potions
 g - a potion of agility {unknown}
 h - a potion of might {unknown}
 n - 3 potions of curing
 p - a potion of invisibility {unknown}
 t - 2 potions of cure mutation
 u - a potion of degeneration {unknown}
 v - a potion of brilliance {unknown}
 z - 2 potions of flight {unknown}
Books
 b - a book of Spatial Translocations

   Spells                             Type                      Level
   a - Blink                          Translocation                2
   b - Shroud of Golubria             Charms/Translocation         2
   c - Lesser Beckoning               Translocation                3
   d - Portal Projectile              Translocation                3
   e - Teleport Other                 Translocation                3
   f - Passage of Golubria            Translocation                4
Comestibles
 f - 3 bread rations


   Skills:
 + Level 5.9 Fighting
 - Level 2.0 Maces & Flails
 - Level 1.0 Throwing
 - Level 2.3 Dodging
 - Level 5.5 Stealth
 - Level 2.0 Spellcasting
 - Level 3.0 Translocations


You had 7 spell levels left.
You knew the following spells:

 Your Spells              Type           Power        Failure   Level  Hunger
a - Blink                 Tloc           N/A          10%         2    ###....


Dungeon Overview and Level Annotations

Branches:
Dungeon (6/15)
 Temple: D:4-7

Altars:
Dithmenos
Makhleb
Uskayaw
Vehumet


Innate Abilities, Weirdness & Mutations

You cannot wear most types of armour.
You are very stealthy in the water. (Stealth+)
You are amphibious.
You can wear up to eight rings at the same time.
You can use your tentacles to constrict eight enemies at once.
Your skin changes colour to match your surroundings (Stealth+).
Your rubbery body absorbs attacks. (AC +1, EV +1)


Message History

Deactivating autopickup; reactivate with Ctrl-A.
All of the chunks of flesh in your inventory have rotted away.
A sky beast appears from thin air!
Reactivating autopickup.
Wield which item (- for none, * to show all)? (? for menu, Esc to quit)
a - a +0 mace (weapon)
The sky beast hits you. The sky beast shocks you.
The sky beast flickers out of sight!
Deactivating autopickup; reactivate with Ctrl-A.
There is a stone staircase leading up here.
Something hits you.
* * * LOW HITPOINT WARNING * * *
Something shocks you.
* * * LOW HITPOINT WARNING * * *
You climb upwards.
There is a stone staircase leading down here.
Something hits you.
* * * LOW HITPOINT WARNING * * *
Something shocks you.
You die...

.##..#####.......##.# #.#
###..............##.# #.#
##...#####.......##.# #.#
.รท....# ####...###.# #.#
..##..# #.### #.#########.#
.####.# ###...###.........#.#
..##..#####.......#########.#.#
.)........'.....>.............#
##.....####.....@.#########.###
###..### #.......# #.....#
.##..# #.......# #.##### .....#
###'##### #.# ##...# #.# #.#
###### #.# #.# # ##.### #.#
#....# #.# #....# #.#


There were no monsters in sight!

Vanquished Creatures
  A phantom (D:5)
  2 hounds
  A gnoll shaman (D:6)
  An iguana (D:6)
  A worker ant (D:6)
  A hound zombie (D:5)
  4 adders
  3 gnolls (D:6)
  An ooze (D:1)
  An adder skeleton (D:4)
  2 worms (D:2)
  A dart slug (D:4)
  2 leopard geckos
  6 orcs
  2 giant cockroaches
  8 hobgoblins
  7 jackals
  3 kobolds
  5 quokkas
  A ball python (D:4)
  7 bats
  6 frilled lizards
  6 goblins
  A jackal zombie (D:5)
  8 rats
81 creatures vanquished.

Notes
Turn   | Place    | Note
-------+----------+-------------------------------------------
     0 | D:1      | AAAAA the Octopode Warper began the quest for the Orb.
     0 | D:1      | Reached XP level 1. HP: 14/14 MP: 3/3
   345 | D:1      | Reached skill level 1 in Stealth
   391 | D:1      | Reached XP level 2. HP: 19/19 MP: 5/5
  1102 | D:1      | Reached XP level 3. HP: 17/24 MP: 6/6
  1847 | D:2      | Found a burning altar of Makhleb.
  1898 | D:2      | Reached skill level 5 in Stealth
  1927 | D:2      | Reached XP level 4. HP: 19/29 MP: 7/7
  3070 | D:3      | Learned a level 2 spell: Blink
  3207 | D:4      | Noticed a dagger
  3207 | D:4      | Noticed a dagger
  3219 | D:4      | Found a hide-covered altar of Uskayaw.
  3316 | D:4      | Found a radiant altar of Vehumet.
  3324 | D:4      | Became a worshipper of Vehumet
  3422 | D:4      | Reached XP level 5. HP: 32/36 MP: 8/8
  3486 | D:4      | Found a shadowy altar of Dithmenos.
  3864 | D:5      | Entered Level 5 of the Dungeon
  4141 | D:5      | Noticed a phantom
  4175 | D:5      | Killed a phantom
  4175 | D:5      | Reached XP level 6. HP: 43/45 MP: 9/9
  4895 | D:6      | Reached skill level 5 in Fighting
  5377 | D:6      | Noticed a sky beast
  6029 | D:5      | Noticed a phantom
  6095 | D:4      | Slain by a sky beast

Skill      XL: |  1  2  3  4  5  6 |
---------------+-------------------+-----
Stealth        | 2 3 5 |  5.5
Fighting       | 3 4 5 |  5.9
Maces & Flails | |  2.0
Throwing       | |  1.0
Dodging        | |  2.3
Spellcasting   | |  2.0
Translocations | |  3.0

Action                   |  1- 3 |  4- 6 || total
-------------------------+-------+-------++-------
Melee: Mace              |    67 |    59 ||   126
       Constrict         |    16 |    27 ||    43
       Tentacles         |    10 |    17 ||    27
       Quarterstaff      |       |    69 ||    69
Throw: Tomahawk          |     1 |     3 ||     4
       Stone             |    35 |    60 ||    95
  Use: Scroll            |       |     3 ||     3
 Stab: Distracted        |     1 |       ||     1
       Sleeping          |     5 |     8 ||    13
  Eat: Chunk             |     3 |     7 ||    10
       Meat ration       |       |     1 ||     1
       Royal jelly       |       |     1 ||     1
       Pizza             |       |     1 ||     1
Armor: Skin              |     7 |     8 ||    15
Dodge: Dodged            |    40 |    85 ||   125
